 Dungeon Crawl Stone Soup version 0.21.1-1-g345015f (webtiles) character file.

6596 vatarom the Thaumaturge (level 11, -9/81 HPs)
             Began as a Gnoll Wanderer on May 26, 2018.
             Mangled by a two-headed ogre
             ... wielding a +0 giant club
              (21 damage)
             ... on level 10 of the Dungeon.
             The game lasted 00:30:57 (13821 turns).

vatarom the Thaumaturge (Gnoll Wanderer)           Turns: 13821, Time: 00:30:58

Health: -9/81      AC: 13    Str: 21    XL:     11   Next: 2%
Magic:  25/25      EV: 13    Int: 18    God:
Gold:   251        SH:  0    Dex: 16    Spells: 7/31 levels left

rFire    . . .     SeeInvis .   E - +3 great sword
rCold    . . .     Gourm    .   (shield currently unavailable)
rNeg     . . .     Faith    +   w - +1 scale mail {rPois}
rPois    +         Spirit   .   k - +2 helmet {Int+3}
rElec    .         Reflect  .   J - +0 cloak
rCorr    .         Harm     .   (no gloves)
MR       .....                  (no boots)
Stlth    ++........             y - amulet of faith
HPRegen  0.23/turn              D - ring of wizardry
MPRegen  0.19/turn              C - +5 ring of strength

@: no status effects
A: distributed training, fangs 1, strong nose
a: no special abilities


You were on level 10 of the Dungeon.
You were not hungry.

You visited 2 branches of the dungeon, and saw 11 of its levels.

You collected 401 gold pieces.
You spent 150 gold pieces at shops.

Inventory:

Hand Weapons
 E - a +3 great sword (weapon)
Missiles
 l - 302 stones (quivered)
 A - 5 throwing nets
Armour
 k - a +2 helmet of intelligence (worn)
 w - a +1 scale mail of poison resistance (worn)
 J - a +0 cloak (worn)
Jewellery
 j - a +4 ring of dexterity
 m - an uncursed ring of stealth
 r - a cursed -2 ring of dexterity
 x - an uncursed ring of protection from magic
 y - an amulet of faith (around neck)
 C - a +5 ring of strength (right hand)
 D - a ring of wizardry (left hand)
 G - an uncursed ring of positive energy
Wands
 e - a wand of acid (9)
 z - a wand of flame (10)
 F - a wand of clouds (4)
 I - a wand of paralysis (7)
 K - a wand of iceblast (5)
Scrolls
 a - a scroll of enchant armour
 b - a scroll of vulnerability {unknown}
 c - 3 scrolls of blinking
 g - 2 scrolls of remove curse
 i - 2 scrolls of magic mapping
 s - 4 scrolls of immolation
 v - 3 scrolls of teleportation
 B - a scroll of fog
 L - a scroll of holy word {unknown}
 M - a scroll of identify
Potions
 d - 2 potions of curing
 h - 3 potions of might {unknown}
 n - 3 potions of heal wounds
 o - a potion of agility {unknown}
 p - a potion of flight {unknown}
 q - a potion of mutation {unknown}
 t - 4 potions of brilliance {unknown}
 u - a potion of haste {unknown}
Books
 H - a book of Battle

   Spells                             Type                      Level
   a - Infusion                       Charms                       1
   b - Shroud of Golubria             Charms/Translocation         2
   c - Song of Slaying                Charms                       2
   d - Spectral Weapon                Hexes/Charms                 3
   e - Regeneration                   Charms/Necromancy            3
Comestibles
 f - 14 rations


   Skills:
 + Level 5.7 Fighting
 + Level 5.7 Short Blades
 + Level 5.7 Long Blades
 + Level 5.7 Axes
 + Level 5.7 Maces & Flails
 + Level 5.7 Polearms
 + Level 5.7 Staves
 + Level 5.7 Slings
 + Level 5.7 Bows
 + Level 5.7 Crossbows
 + Level 5.7 Throwing
 + Level 5.7 Armour
 + Level 5.7 Dodging
 + Level 5.7 Stealth
 + Level 5.7 Shields
 + Level 5.7 Unarmed Combat
 + Level 10.8 Spellcasting
 + Level 4.7 Conjurations
 + Level 4.7 Hexes
 + Level 4.7 Charms
 + Level 6.1 Summonings
 + Level 4.7 Necromancy
 + Level 6.1 Translocations
 + Level 4.7 Transmutations
 + Level 4.7 Fire Magic
 + Level 4.7 Ice Magic
 + Level 4.7 Air Magic
 + Level 4.7 Earth Magic
 + Level 4.7 Poison Magic
 + Level 6.3 Invocations
 + Level 7.4 Evocations


You had 7 spell levels left.
You knew the following spells:

 Your Spells              Type           Power        Failure   Level  Hunger
b - Call Imp              Summ           ####....     1%          2    None
c - Call Canine Familiar  Summ           ####....     1%          3    None
d - Summon Ice Beast      Ice/Summ       ####....     8%          4    ##.....
e - Throw Icicle          Conj/Ice       ####....     11%         4    ##.....
g - Spectral Weapon       Hex/Chrm       ####....     3%          3    None
s - Stone Arrow           Conj/Erth      ####..       3%          3    None
D - Summon Small Mammal   Summ           ####         1%          1    None
S - Summon Lightning Spi  Summ/Air       ####....     8%          4    ##.....


Dungeon Overview and Level Annotations

Branches:
Dungeon (10/15)            Temple (1/1) D:6            Lair (0/6) D:8
    Orc: D:9-12

Altars:
Ashenzari
Cheibriados
Dithmenos
Elyvilon
Fedhas
Gozag
Hepliaklqana
Makhleb
Nemelex Xobeh
Okawaru
Qazlal
Ru
Sif Muna
Trog
Uskayaw
Vehumet
Wu Jian
Xom
Yredelemnul
Zin
The Shining One

Shops:
D:4 *   D:10 (!(}


Innate Abilities, Weirdness & Mutations

Your experience applies equally to all skills.
You have very sharp teeth.
Your uncanny sense of smell can sniff out nearby items.


Message History

Key pressed, stopping explore.
A two-headed ogre comes into view.
It is wielding a giant club and a giant spiked club.
A two-headed ogre is nearby!
The helpless two-headed ogre fails to defend itself.
You slice the two-headed ogre!!
The two-headed ogre is heavily wounded.
The two-headed ogre hits you with a giant club!!
The two-headed ogre hits you with a giant spiked club!
You hit the two-headed ogre.
The two-headed ogre is heavily wounded.
The two-headed ogre hits you with a giant club!
The two-headed ogre hits you with a giant spiked club.
You are too injured to fight recklessly!
You are too injured to fight recklessly!
You slash the two-headed ogre! Your bite misses the two-headed ogre.
The two-headed ogre is severely wounded.
The two-headed ogre hits you with a giant club!!
* * * LOW HITPOINT WARNING * * *
The two-headed ogre hits you with a giant spiked club!!
You die...

#################.#
#.# #.# #.# #.# #.#
#.# ########.#
......O@.#
.........#
##########


You could see a two-headed ogre.

Vanquished Creatures
  Urug (D:10)
  2 centaur skeletons
  A troll (D:9)
  3 hippogriffs
  2 hungry ghosts (D:8)
  2 orc warriors (D:9)
  2 ice beasts
  An eye of draining (D:10)
  4 ogres
  A centaur (D:9)
  2 big kobolds
  6 bullfrogs
  A gnoll sergeant (D:10)
  3 killer bees
  2 scorpions
  A wight (D:8)
  A howler monkey (D:9)
  A crimson imp (D:8)
  2 centaur zombies
  3 hounds
  2 quasits
  A bullfrog zombie (D:8)
  3 orc priests
  A gnoll shaman (D:3)
  A jelly (D:9)
  3 iguanas
  4 orc wizards
  4 worker ants
  2 killer bee zombies
  A hound skeleton (D:6)
  A howler monkey zombie (D:10)
  11 gnolls
  A howler monkey skeleton (D:8)
  12 adders
  A shadow imp (D:8)
  An adder skeleton (D:5)
  A worm (D:2)
  3 dart slugs
  8 leopard geckos
  10 orcs
  4 giant cockroaches
  6 goblins
  7 hobgoblins
  14 jackals (D:3)
  10 kobolds
  2 quokkas
  A ball python (D:6)
  5 bats
  5 frilled lizards
  A jackal skeleton (D:6)
  2 jackal zombies
  4 rats
173 creatures vanquished.

Vanquished Creatures (collateral kills)
  The ghost of AdmiralAndromeda the Insei, a novice OpTm of Gozag (D:6)
  The ghost of Vasilisck the Grave Robber, a novice HONe of Beogh (D:4)
  The ghost of olivier the Cudgeler, an amateur DrFi (D:5)
  Sigmund (D:4)
  Eustachio (D:4)
  A sky beast (D:6)
  An ice beast (D:5)
  A black bear (D:6)
  An eye of draining (D:8)
  2 phantoms
  4 ogres
  A centaur (D:7)
  A necrophage (D:6)
  A bullfrog (D:7)
  3 scorpions
  4 wights (D:8)
  4 crimson imps
  A hound (D:5)
  A jelly (D:8)
  A bullfrog skeleton (D:4)
  3 gnoll shamans
  An iguana (D:5)
  An orc wizard (D:4)
  8 worker ants
  A killer bee zombie (D:5)
  A hound skeleton (D:5)
  33 gnolls
  2 adders
  A shadow imp (D:5)
  An adder skeleton (D:4)
  A worm (D:3)
  A leopard gecko (D:4)
  7 orcs
  3 giant cockroaches
  3 goblins (D:1)
  2 jackals (D:5)
  A quokka (D:5)
  4 bats
  A frilled lizard (D:1)
  5 kobolds
  A rat (D:3)
113 creatures vanquished.

Vanquished Creatures (others)
  A fungus (D:8)
  A plant (D:8)
2 creatures vanquished.

Grand Total: 288 creatures vanquished

Notes
Turn   | Place    | Note
-------+----------+-------------------------------------------
     0 | D:1      | Reached skill level 9 in Spellcasting
     0 | D:1      | vatarom the Gnoll Wanderer began the quest for the Orb.
     0 | D:1      | vatarom set off with: a book of Callings, the Disquisition on the Rocks, a potion of lignification, a +0 robe, a +0 dagger, a ration
     0 | D:1      | Reached XP level 1. HP: 13/13 MP: 10/10
     0 | D:1      | Identified the Disquisition on the Rocks
     2 | D:1      | Learned a level 1 spell: Summon Small Mammal
   268 | D:1      | Reached XP level 2. HP: 12/19 MP: 9/12
   712 | D:1      | Learned a level 2 spell: Call Imp
   714 | D:1      | Learned a level 1 spell: Sandblast
  1150 | D:2      | Reached XP level 3. HP: 21/25 MP: 13/13
  1362 | D:2      | Reached skill level 1 in Invocations
  1484 | D:2      | Reached skill level 1 in Fighting
  1484 | D:2      | Reached skill level 1 in Short Blades
  1484 | D:2      | Reached skill level 1 in Long Blades
  1484 | D:2      | Reached skill level 1 in Axes
  1484 | D:2      | Reached skill level 1 in Maces & Flails
  1484 | D:2      | Reached skill level 1 in Polearms
  1484 | D:2      | Reached skill level 1 in Staves
  1484 | D:2      | Reached skill level 1 in Slings
  1484 | D:2      | Reached skill level 1 in Bows
  1484 | D:2      | Reached skill level 1 in Crossbows
  1484 | D:2      | Reached skill level 1 in Throwing
  1484 | D:2      | Reached skill level 1 in Armour
  1484 | D:2      | Reached skill level 1 in Dodging
  1484 | D:2      | Reached skill level 1 in Stealth
  1484 | D:2      | Reached skill level 1 in Shields
  1484 | D:2      | Reached skill level 1 in Unarmed Combat
  1544 | D:2      | Reached XP level 4. HP: 32/32 MP: 9/15
  1828 | D:2      | Learned a level 3 spell: Call Canine Familiar
  1832 | D:2      | Learned a level 3 spell: Stone Arrow
  1963 | D:3      | Noticed a hippogriff
  1994 | D:3      | Killed a hippogriff
  1994 | D:3      | Reached skill level 1 in Conjurations
  1994 | D:3      | Reached skill level 1 in Hexes
  1994 | D:3      | Reached skill level 1 in Charms
  1994 | D:3      | Reached skill level 1 in Necromancy
  1994 | D:3      | Reached skill level 1 in Transmutations
  1994 | D:3      | Reached skill level 1 in Fire Magic
  1994 | D:3      | Reached skill level 1 in Ice Magic
  1994 | D:3      | Reached skill level 1 in Air Magic
  1994 | D:3      | Reached skill level 1 in Earth Magic
  1994 | D:3      | Reached skill level 1 in Poison Magic
  1994 | D:3      | Reached XP level 5. HP: 38/38 MP: 0/16
  1994 | D:3      | Reached XP level 6. HP: 44/44 MP: 0/18
  2464 | D:3      | Reached skill level 5 in Evocations
  2635 | D:3      | Learned a level 4 spell: Summon Lightning Spire
  2825 | D:3      | Found a burning altar of Makhleb.
  3410 | D:3      | Reached XP level 7. HP: 50/50 MP: 16/20
  3653 | D:3      | Learned a level 4 spell: Summon Ice Beast
  5137 | D:4      | Noticed Vasilisck's ghost (novice HONe)
  5388 | D:4      | Killed Vasilisck's ghost
  5388 | D:4      | Reached XP level 8. HP: 51/57 MP: 8/21
  5633 | D:4      | Noticed Eustachio
  5653 | D:4      | Killed Eustachio
  5911 | D:4      | Found Nigemnasm's Assorted Antiques.
  6001 | D:4      | Noticed Sigmund
  6007 | D:4      | Killed Sigmund
  6125 | D:5      | Entered Level 5 of the Dungeon
  6369 | D:5      | Noticed olivier's ghost (amateur DrFi)
  6441 | D:5      | Killed olivier's ghost
  7095 | D:5      | Reached skill level 10 in Spellcasting
  7393 | D:6      | Reached XP level 9. HP: 65/65 MP: 14/23
  7402 | D:6      | Noticed AdmiralAndromeda's ghost (novice OpTm)
  7413 | D:6      | Killed AdmiralAndromeda's ghost
  7413 | D:6      | Reached skill level 5 in Summonings
  7413 | D:6      | Reached skill level 5 in Translocations
  7563 | D:6      | Found a white marble altar of Elyvilon.
  7719 | D:6      | Found a staircase to the Ecumenical Temple.
  7730 | Temple   | Entered the Ecumenical Temple
  8753 | D:7      | Learned a level 4 spell: Throw Icicle
  9720 | D:7      | Learned a level 5 spell: Fireball
 10322 | D:8      | Reached skill level 5 in Invocations
 10630 | D:8      | Reached XP level 10. HP: 59/72 MP: 24/24
 10776 | D:8      | Found a staircase to the Lair.
 11275 | D:8      | Reached skill level 5 in Fighting
 11275 | D:8      | Reached skill level 5 in Short Blades
 11275 | D:8      | Reached skill level 5 in Long Blades
 11275 | D:8      | Reached skill level 5 in Axes
 11275 | D:8      | Reached skill level 5 in Maces & Flails
 11275 | D:8      | Reached skill level 5 in Polearms
 11275 | D:8      | Reached skill level 5 in Staves
 11275 | D:8      | Reached skill level 5 in Slings
 11275 | D:8      | Reached skill level 5 in Bows
 11275 | D:8      | Reached skill level 5 in Crossbows
 11275 | D:8      | Reached skill level 5 in Throwing
 11275 | D:8      | Reached skill level 5 in Armour
 11275 | D:8      | Reached skill level 5 in Dodging
 11275 | D:8      | Reached skill level 5 in Stealth
 11275 | D:8      | Reached skill level 5 in Shields
 11275 | D:8      | Reached skill level 5 in Unarmed Combat
 11460 | D:8      | Learned a level 3 spell: Spectral Weapon
 13044 | D:9      | Found a hazy altar of Hepliaklqana.
 13074 | D:10     | Entered Level 10 of the Dungeon
 13147 | D:10     | Found a stormy altar of Qazlal.
 13170 | D:10     | Found Linn's Antique Weapon Shoppe.
 13436 | D:10     | Found Vit Kinn's Antique Weapon Boutique.
 13443 | D:10     | Found Nutu's Distillery.
 13450 | D:10     | Bought a potion of heal wounds for 75 gold pieces
 13450 | D:10     | Bought a potion of heal wounds for 75 gold pieces
 13509 | D:10     | Noticed Urug
 13523 | D:10     | Killed Urug
 13523 | D:10     | Reached XP level 11. HP: 33/81 MP: 14/25
 13529 | D:10     | Found Teufy's Gadget Shop.
 13817 | D:10     | Noticed a two-headed ogre
 13821 | D:10     | Mangled by a two-headed ogre

Skill      XL: |  1  2  3  4  5  6  7  8  9 10 |
---------------+-------------------------------+-----
Spellcasting   | 10 | 10.8
Invocations    | 1 2 3 4 5 6 |  6.3
Fighting       | 1 2 3 4 5 |  5.7
Short Blades   | 1 2 3 4 5 |  5.7
Long Blades    | 1 2 3 4 5 |  5.7
Axes           | 1 2 3 4 5 |  5.7
Maces & Flails | 1 2 3 4 5 |  5.7
Polearms       | 1 2 3 4 5 |  5.7
Staves         | 1 2 3 4 5 |  5.7
Slings         | 1 2 3 4 5 |  5.7
Bows           | 1 2 3 4 5 |  5.7
Crossbows      | 1 2 3 4 5 |  5.7
Throwing       | 1 2 3 4 5 |  5.7
Armour         | 1 2 3 4 5 |  5.7
Dodging        | 1 2 3 4 5 |  5.7
Stealth        | 1 2 3 4 5 |  5.7
Shields        | 1 2 3 4 5 |  5.7
Unarmed Combat | 1 2 3 4 5 |  5.7
Conjurations   | 1 2 3 4 |  4.7
Hexes          | 1 2 3 4 |  4.7
Charms         | 1 2 3 4 |  4.7
Summonings     | 4 5 6 |  6.1
Necromancy     | 1 2 3 4 |  4.7
Translocations | 4 5 6 |  6.1
Transmutations | 1 2 3 4 |  4.7
Fire Magic     | 1 2 3 4 |  4.7
Ice Magic      | 1 2 3 4 |  4.7
Air Magic      | 1 2 3 4 |  4.7
Earth Magic    | 1 2 3 4 |  4.7
Poison Magic   | 1 2 3 4 |  4.7
Evocations     | 5 6 7 |  7.4

Action                   |  1- 3 |  4- 6 |  7- 9 | 10-12 || total
-------------------------+-------+-------+-------+-------++-------
Melee: Dagger            |    94 |    21 |   178 |       ||   293
       Bite              |     9 |       |    30 |    23 ||    62
       Great sword       |       |       |    34 |   124 ||   158
       Falchion          |       |       |    25 |       ||    25
       Punch             |       |       |     5 |       ||     5
 Cast: Summon Small Mamm |    23 |       |       |       ||    23
       Sandblast         |    14 |    72 |    20 |       ||   106
       Call Imp          |     1 |       |     1 |       ||     2
       Stone Arrow       |       |    12 |     9 |       ||    21
       Call Canine Famil |       |     8 |     8 |       ||    16
       Summon Lightning  |       |     1 |    49 |     3 ||    53
       Summon Ice Beast  |       |       |    44 |     5 ||    49
       Throw Icicle      |       |       |    11 |     1 ||    12
       Fireball          |       |       |       |     8 ||     8
       Spectral Weapon   |       |       |       |     4 ||     4
Evoke: Wand              |       |       |       |     1 ||     1
  Use: Potion            |       |     1 |     3 |     1 ||     5
       Scroll            |       |     4 |    11 |     6 ||    21
 Stab: Distracted        |     1 |       |     2 |       ||     3
       Sleeping          |     1 |       |     6 |     6 ||    13
  Eat: Ration            |     1 |     2 |     8 |     4 ||    15
       Chunk             |       |     3 |     3 |     1 ||     7
Armor: Robe              |    22 |       |       |       ||    22
       Leather armour    |    10 |    12 |    61 |    29 ||   112
       Skin              |       |    48 |     3 |       ||    51
       Scale mail        |       |       |       |    36 ||    36
Dodge: Dodged            |    63 |    44 |   180 |   134 ||   421
       Rpst.: Great sword |       |       |    10 |    34 ||    44
